 Dungeon Crawl Stone Soup version 0.25.0-11-g1f837a76a1 (webtiles) character file.

Game seed: 13910052250553125397

375 Aviak the Chiller (level 6, -5/70 HPs)
             Began as a Demonspawn Ice Elementalist on June 27, 2020.
             Splashed by Ijyb's acid (10 damage)
             ... on level 5 of the Dungeon.
             The game lasted 00:04:31 (3905 turns).

Aviak the Chiller (Demonspawn Ice Elementalist)     Turns: 3905, Time: 00:04:31

Health: -5/70      AC: 23    Str:  8      XL:     6   Next: 44%
Magic:  10/10      EV:  2    Int: 19      God:
Gold:   235        SH:  0    Dex:  9 (13) Spells: 4/11 levels left

rFire    . . .     SeeInvis .   m - +0 long sword
rCold    . . .     Gourm    .   (no shield)
rNeg     + + +     Faith    .   (armour currently unavailable)
rPois    +         Spirit   .   (helmet currently unavailable)
rElec    .         Reflect  .   (cloak currently unavailable)
rCorr    .         Harm     .   (gloves currently unavailable)
MR       +....     NoTele   +   (boots currently unavailable)
Stlth    ++........             b - amulet of regeneration
HPRegen  0.61/turn              M - ring of protection from magic
MPRegen  0.12/turn              (no ring)

@: tree-form
A: no striking features
a: no special abilities


You were on level 5 of the Dungeon.
You were not hungry.
You were a tree.
You visited 1 branch of the dungeon, and saw 5 of its levels.

You collected 235 gold pieces.

Inventory:

Hand Weapons
 m - a +0 long sword (weapon)
Armour
 a - a +0 robe (melded)
Jewellery
 b - an amulet of regeneration (around neck)
 M - a ring of protection from magic (left branch)
Scrolls
 d - 5 scrolls of remove curse {unknown}
 f - 10 scrolls of identify {unknown}
 g - a scroll of fear {unknown}
 h - 2 scrolls of enchant weapon {unknown}
 j - a scroll of immolation {unknown}
 n - a scroll of magic mapping {unknown}
 t - a scroll of noise {unknown}
Potions
 e - 4 potions of flight
 i - a potion of heal wounds {unknown}
 k - a potion of might {unknown}
 l - a potion of lignification {!q}
 o - a potion of berserk rage {unknown}
 p - a potion of magic {unknown}
 q - a potion of curing {unknown}
 r - a potion of ambrosia {unknown}
Comestibles
 c - 7 rations


   Skills:
 + Level 3.5 Fighting
 - Level 2.0 Dodging
 - Level 2.0 Stealth
 - Level 3.0 Spellcasting
 + Level 5.5 Ice Magic


You had 4 spell levels left.
You knew the following spells:

 Your Spells              Type           Power        Failure   Level  Hunger
a - Freeze                Ice            ###.         1%          1    None
b - Frozen Ramparts       Ice            ###...       4%          3    ###....
c - Ozocubu's Armour      Chrm/Ice       ##......     14%         3    ###....

Your spell library contained the following spells:

 Spells                   Type           Power        Failure   Level  Hunger
 Hailstorm                Conj/Ice       ##......     43%         4    ####...
 Summon Ice Beast         Ice/Summ       ##......     43%         4    ####...


Dungeon Overview and Level Annotations

Branches:
Dungeon (5/15)
 Temple: D:4-7

Altars:
Fedhas
Makhleb
Nemelex Xobeh
Trog
Uskayaw

Shops:
D:4 [

Annotations:
D:5 Ijyb


Innate Abilities, Weirdness & Mutations

((You have a pair of horns on your head.))
((Your flesh is heat resistant. (rF+)))


Message History

Ijyb closely misses you.
You riposte.
The orc shouts!
You hit Ijyb.
Ijyb is lightly wounded.
The orc wizard points at you and mumbles some strange words.
The magic dart hits you!
The orc wizard gestures at you while chanting.
The magic dart hits you.
Ijyb zaps a wand.
The bolt of acid hits you!
You are splashed with acid!
* * * LOW HITPOINT WARNING * * *
Unknown command.
It was a potion of flight.
You feel very buoyant.
You fly up into the air.
It was a potion of lignification.
You turn into a tree.
Your +0 robe melds into your body.
Your roots penetrate the ground.
Ijyb zaps a wand.
The bolt of acid hits you!
* * * LOW HITPOINT WARNING * * *
You are splashed with acid!
You die...

.. .. .# .. ##.
... #.. ....
###.## #....
####...%####.....
#.....♣...#......
......og.......#%.
..........<.....#
..........o.....#.
.........o..o.....
.......[..........
................#.
..................
.................


You could see Ijyb, an orc wizard and 3 orcs.

Vanquished Creatures
  An ogre (D:4)
  A quasit (D:4)
  An orc priest (D:4)
  A hound (D:2)
  2 orc wizards (D:4)
  A worker ant (D:4)
  A hound skeleton (D:4)
  4 adders (D:3)
  An ooze (D:3)
  3 worms (D:3)
  A leopard gecko (D:4)
  6 orcs
  7 bats
  3 giant cockroaches
  7 hobgoblins
  7 jackals
  2 quokkas
  5 frilled lizards
  3 goblins
  2 kobolds
  10 rats
69 creatures vanquished.

Notes
Turn   | Place    | Note
-------+----------+-------------------------------------------
     0 | D:1      | Aviak the Demonspawn Ice Elementalist began the quest for
                  | the Orb.
     0 | D:1      | Reached XP level 1. HP: 13/13 MP: 3/3
   194 | D:1      | Gained mutation: You have a pair of small horns on your
                  | head. [demonic ancestry]
   194 | D:1      | Reached XP level 2. HP: 13/19 MP: 0/5
  1089 | D:2      | Found a burning altar of Makhleb.
  1094 | D:2      | Reached skill level 4 in Ice Magic
  1094 | D:2      | Reached XP level 3. HP: 13/24 MP: 2/7
  1891 | D:3      | Found a hide-covered altar of Uskayaw.
  1980 | D:3      | Reached XP level 4. HP: 13/30 MP: 3/8
  2088 | D:3      | Learned a level 3 spell: Frozen Ramparts
  2092 | D:3      | Learned a level 3 spell: Ozocubu's Armour
  2229 | D:3      | Reached skill level 1 in Fighting
  2471 | D:3      | Found a faded altar of an unknown god.
  2604 | D:3      | Found a sparkling altar of Nemelex Xobeh.
  2606 | D:3      | Found a blossoming altar of Fedhas.
  3118 | D:4      | Found Zon Ots's Armour Boutique.
  3128 | D:4      | Gained mutation: You have a pair of horns on your head.
                  | [demonic ancestry]
  3128 | D:4      | Reached XP level 5. HP: 20/38 MP: 2/9
  3212 | D:4      | Found a bloodstained altar of Trog.
  3259 | D:4      | Reached skill level 5 in Ice Magic
  3383 | D:4      | Noticed an ogre
  3424 | D:4      | Killed an ogre
  3424 | D:4      | Gained mutation: Your flesh is heat resistant. (rF+)
                  | [demonic ancestry]
  3424 | D:4      | Reached XP level 6. HP: 35/47 MP: 5/10
  3897 | D:5      | Entered Level 5 of the Dungeon
  3897 | D:5      | Noticed Ijyb
  3905 | D:5      | Splashed by Ijyb's acid

Illustrated notes

Levels and vault maps discovered:
D:1:      minmay_arrival_hallway, layout_basic, serial_forest,
          infiniplex_forest_clump_double, infiniplex_forest_clump_diagonal,
          infiniplex_forest_clump_double, infiniplex_forest_clump_curved,
          infiniplex_forest_corner_1, infiniplex_forest_clump_tiny,
          infiniplex_forest_lined_corner, minivault_19, roderic_serpentine_path,
          nrook_mini_backslash
D:2:      layout_basic, makhleb_heckhound_becter
D:3:      layout_basic, eat_drink_and_be_merry_uskayaw,
          chequers_temple_overflow_statue_of_worship,
          chequers_ecumenical_altar_island
D:4:      layout_gridville, serial_shops, shop_statue, trog_book
D:5:      layout_cave_pods, temple_pool_b, first_ration,
          chequers_serial_rivers_micro_b, uniq_eustachio, uniq_ijyb

Skill      XL: |  1  2  3  4  5 |
---------------+----------------+-----
Stealth        | 2 |  2.0
Dodging        | 2 |  2.0
Ice Magic      | 4 5 |  5.5
Spellcasting   | 3 |  3.0
Fighting       | 2 3 |  3.5

Action                   |  1- 3 |  4- 6 || total
-------------------------+-------+-------++-------
Melee: Unarmed           |    26 |       ||    26
       Headbutt          |     2 |    10 ||    12
       Long sword        |       |    69 ||    69
 Cast: Freeze            |    45 |    36 ||    81
       Frozen Ramparts   |       |     9 ||     9
  Use: Potion            |       |     2 ||     2
 Stab: Sleeping          |       |     3 ||     3
  Eat: Chunk             |     3 |     7 ||    10
Armor: Robe              |    15 |    32 ||    47
Dodge: Dodged            |    53 |    86 ||   139
       Rpst.: Long sword |       |    24 ||    24
